Description

from his rep packs

Replay - Frost LE (156)

Build Order

Get SALT Encoding   

  12  0:05  Probe (Chrono Boost)  
  13  0:16  Probe (Chrono Boost)  
  14  0:18  Pylon  
  14  0:26  Probe (Chrono Boost)  
  15  0:37  Probe (Chrono Boost)  
  16  0:39  Gateway  
  16  0:43  Assimilator  
  16  0:47  Probe (Chrono Boost)  
  17  0:58  Probe (Chrono Boost)  
  17  0:59  Assimilator  
  18  1:08  Probe (Chrono Boost)  
  19  1:12  Gateway  
  19  1:19  Probe (Chrono Boost)  
  20  1:26  Cybernetics Core  
  20  1:29  Probe (Chrono Boost)  
  20  1:32  Pylon  
  21  1:40  Probe (Chrono Boost)  
  22  1:50  Probe (Chrono Boost), Warp Gate  
  23  2:04  Adept  
  23  2:05  Adept, Mothership Core (Chrono Boost)  
  29  2:34  Nexus  
  29  2:43  Stargate  
  29  2:48  Probe (Chrono Boost)  
  30  2:54  Pylon  
  30  3:00  Probe (Chrono Boost)  
  32  3:13  Probe (Chrono Boost)  
  32  3:22  Robotics Facility  
  32  3:25  Probe (Chrono Boost), Phoenix  
  35  3:38  Probe (Chrono Boost)  
  36  3:46  Phoenix  
  37  3:50  Probe (Chrono Boost)  
  37  3:51  Probe (Chrono Boost)  
  40  4:02  Probe x2 (Chrono Boost)  
  42  4:04  Forge  
  42  4:08  Observer, Phoenix  
  42  4:14  Probe (Chrono Boost)  
  42  4:15  Probe (Chrono Boost)  
  47  4:17  Pylon  
  47  4:22  Protoss Ground Weapons Level 1  
  47  4:26  Probe (Chrono Boost)  
  47  4:27  Probe (Chrono Boost)  
  49  4:34  Immortal  
  51  4:38  Probe (Chrono Boost)  
  51  4:39  Probe (Chrono Boost)  
  51  4:45  Pylon  
  55  4:50  Probe (Chrono Boost)  
  55  4:51  Probe (Chrono Boost)  
  55  4:52  Assimilator  
  57  4:55  Assimilator  
  57  5:02  Probe (Chrono Boost)  
  57  5:03  Probe (Chrono Boost)  
  59  5:12  Pylon  
  60  5:14  Immortal  
  60  5:15  Probe (Chrono Boost)  
  64  5:22  Twilight Council  
  64  5:26  Probe (Chrono Boost)  
  64  5:27  Probe (Chrono Boost)  
  66  5:36  Nexus  
  66  5:38  Pylon  
  68  5:43  Probe x2 (Chrono Boost)  
  66  5:50  Immortal  
  70  5:59  Resonating Glaives  
  70  6:00  Sentry  
  72  6:05  Gateway x2  
  72  6:13  Gateway  
  72  6:14  Gateway  
  72  6:17  Protoss Ground Weapons Level 2  
  72  6:26  Warp Prism  
  72  6:27  Gateway  
  72  6:29  Gateway  
  74  6:42  Templar Archives  
  74  6:45  Probe x2 (Chrono Boost)  
  76  6:55  Adept x2  
  76  6:59  Observer  
  80  7:02  Probe (Chrono Boost)  
  80  7:03  Pylon  
  80  7:04  Probe x2 (Chrono Boost)  
  84  7:24  High Templar x2  
  84  7:25  Adept x2, High Templar x2  
  84  7:28  Adept, Probe (Chrono Boost)  
  84  7:29  Archon, Probe (Chrono Boost)  
  101  7:30  Archon, Probe (Chrono Boost), Adept  
  101  7:33  Pylon  
  101  7:35  Pylon  
  103  7:37  Pylon  
  103  7:38  Pylon  
  103  7:57  Adept x2  
  103  7:58  Adept x5  
  117  8:00  Adept  
  117  8:03  Pylon  
  117  8:05  Pylon  
  119  8:18  Protoss Ground Armor Level 1  
  119  8:20  Adept x6  
  119  8:22  Adept  
  119  8:26  Adept  
  135  8:42  Assimilator x2  
  135  8:53  Adept x7  
  135  8:54  Adept  
  115  9:14  Adept x8  
  87  9:25  Immortal  
  87  9:28  Probe (Chrono Boost)  
  87  9:29  Probe x2 (Chrono Boost)  
  80  9:39  Sentry, Probe (Chrono Boost)  
  80  9:41  Probe (Chrono Boost), High Templar x2  
  80  9:42  Probe (Chrono Boost)  
  89  9:48  Gateway  
  89  9:50  Gateway  
  89  9:52  Protoss Ground Weapons Level 3  
  89  9:53  Archon, Adept  
  89  9:54  Adept x4  
Spawning Tool Build Advisor. Get it on Overwolf

Go to:

Details

  • Created by: None
  • Published on: Oct 17, 2016
  • Patch: Pre-3.8.0
Show
View Real Time Build Order
Export as new Build Order

Comments (0)

There are no comments. Be the first!

Create an account to comment!